 Dungeon Crawl Stone Soup version 0.32-a0-558-g233958a4c4 (webtiles) character file.

Game seed: 4965420515533910747

50 sasquatch the Magician (level 3, -4/19 HPs)
             Began as a Deep Elf Hedge Wizard on Feb 29, 2024.
             Killed from afar by an orc wizard (8 damage)
             ... with a magic dart
             ... on level 2 of the Dungeon.
             The game lasted 00:03:37 (1955 turns).

sasquatch the Magician (Deep Elf Hedge Wizard)      Turns: 1955, Time: 00:03:38

Health: -4/19      AC:  2    Str:  7    XL:     3   Next: 55%
Magic:  4/11       EV: 12    Int: 20    God:
Gold:   109        SH:  0    Dex: 14    Spells: 6/12 levels left

rFire   x . .        m - +7 quarterstaff of Ogengavvin {drain, +Blink rPois rF- SInv}
rCold   . . .        (shield currently unavailable)
rNeg    . . .        b - +0 robe
rPois   +            c - +0 hat
rElec   .            (no cloak)
rCorr   .            (no gloves)
SInv    +            (no boots)
Will    .....        (no amulet)
Stlth   +            (no ring)
HPRegen 0.23/turn    (no ring)
MPRegen 0.12/turn

%: no passive effects
@: confused
A: no striking features
a: Evoke Blink


You were on level 2 of the Dungeon.
You visited 1 branch of the dungeon, and saw 3 of its levels.

You collected 109 gold pieces.

Inventory:

Hand Weapons
 a - a +0 dagger
 m - the +7 quarterstaff of Ogengavvin (weapon) {drain, +Blink rPois rF- SInv}
   (You found it on level 2 of the Dungeon)

   rF-:       It makes you vulnerable to fire.
   rPois:     It protects you from poison SInv: It lets you see invisible.
   +Blink:    It lets you blink.
Missiles
 i - 8 poisoned darts
Armour
 b - a +0 robe (worn)
 c - a +0 hat (worn)
 j - a +0 tower shield
 k - a +0 buckler
Jewellery
 n - a ring of positive energy
Scrolls
 f - 2 scrolls of teleportation {unknown}
 g - a scroll of amnesia {unknown}
Potions
 d - a potion of magic
 e - 3 potions of curing {unknown}
 h - a potion of enlightenment {unknown}
 l - a potion of berserk rage {unknown}
 o - 2 potions of heal wounds {unknown}
 p - a potion of brilliance {unknown}


   Skills:
 - Level 2.4 Dodging
 - Level 2.4 Stealth
 + Level 5.3 Spellcasting
 + Level 2.5 Conjurations
 * Level 1.8 Summonings
 + Level 1.2 Translocations


You had 6 spell levels left.
You knew the following spells:

 Your Spells              Type           Power      Damage    Failure   Level
a - Magic Dart            Conj           60%        1d6       4%          1
b - Summon Ice Beast      Ice/Summ       9%         N/A       22%         3
c - Blink                 Tloc           20%        N/A       11%         2

Your spell library contained the following spells:

 Spells                   Type           Power      Damage    Failure   Level
 Call Imp                 Summ           24%        N/A       9%          2
 Slow                     Hex            20%        N/A       11%         1
 Cigotuvi's Dreadful Rot  Necr/Alch/Air  10%        N/A       17%         2
 Mephitic Cloud           Conj/Alch/Air  8%         N/A       24%         3
 Summon Mana Viper        Hex/Summ       9%         N/A       91%         5
 Haunt                    Necr/Summ      4%         N/A       100%        7
 Monstrous Menagerie      Summ           6%         N/A       100%        7
 Borgnjor's Revivificati  Necr           2%         N/A       100%        8
 Death's Door             Necr           2%         N/A       100%        9


Dungeon Overview and Level Annotations

Branches:
Dungeon (3/15)

Altars:


Message History

Press: ? - help, Q - select action, (/) - cycle Shift-Dir - straight line, f/p - orc wizard
Aim: an orc wizard, wielding a +0 dagger and wearing a +0 robe (lightly wounded, slightly transparent, 100% to hit)
The magic dart hits the orc wizard.
The orc wizard is lightly wounded.
The orc wizard points at you and mumbles some strange words.
You resist with some effort.
Aiming: Magic Dart (safe; 4% risk of failure)
Press: ? - help, Q - select action, (/) - cycle Shift-Dir - straight line, f/p - orc wizard
Aim: an orc wizard, wielding a +0 dagger and wearing a +0 robe (lightly wounded, slightly transparent, 100% to hit)
The magic dart hits the orc wizard.
The orc wizard is lightly wounded.
The orc wizard points at you and mumbles some strange words.
You are confused.
You're too confused to cast spells.
You're too confused to cast spells.
Unknown command.
In your confused state, you trip and fall back down the stairs.
The orc wizard hits you with a +0 dagger.
The orc priest begins to cast a cantrip, but forgets the words!
The orc wizard hits you with a +0 dagger.
In your confused state, you trip and fall back down the stairs.
The orc priest mumbles some strange prayers to Beogh against you.
Beogh smites you!
Ouch! That really hurt!
* * * LOW HITPOINT WARNING * * *
The orc wizard hits you but does no damage.
The orc priest shouts, "Surrender to Beogh and we'll let you live!" (press Y on the ability menu to convert to Beogh)
The orc wizard gestures at you while chanting.
You are more confused.
The orc priest shouts, "The Pantheon deserves no one's loyalty.
Let us show you the true path!"
You climb upwards.
There is a stone staircase leading down here.
Unknown command.
You bump into the rock wall.
The orc wizard barely misses you.
You're too confused to move!
The orc wizard barely misses you. The orc wizard barely misses you.
The orc wizard points at you and mumbles some strange words.
The magic dart hits you!
You die...

)# #.............#####.###.##
.# #.##...#####..######.#..# .#
#.###.## #......>...(.# .# #.#
#.# #..#######.### #####.###.##
#...รท......#######
#.....#<..## #..######.........
#...#......# #..# #.########
#.....#....####..## #.#
##.#.###.#.....@.># #.#
#.#.##...#####..o# #.#####
#.#)##.#.### #...# #.....####
#.#....#...###...#########.....
#.#..#####).................###
#.##...#...#####.#.###.........
#.#....#...........# #.#.#.####
###........####.##...###.##..#
.............#.##.......###..#


You could see an orc wizard (invisible).

Vanquished Creatures
  A dart slug (D:1)
  A ribbon worm (D:2)
  An orc (D:3)
  2 endoplasms (D:1)
  3 giant cockroaches (D:1)
  5 goblins
  3 hobgoblins (D:1)
  2 jackals (D:1)
  A quokka (D:1)
  2 ball pythons
  8 bats
  3 frilled lizards (D:2)
  5 kobolds (D:2)
  5 rats
42 creatures vanquished.

Notes
Turn   | Place    | Note
-------+----------+-------------------------------------------
     0 | D:1      | sasquatch the Deep Elf Hedge Wizard began the quest for the
                  | Orb.
     0 | D:1      | Reached XP level 1. HP: 10/10 MP: 7/7
   209 | D:1      | Reached XP level 2. HP: 15/15 MP: 0/9
   340 | D:1      | Found a faded altar of an unknown god.
   447 | D:1      | Reached skill level 5 in Spellcasting
   800 | D:1      | Reached XP level 3. HP: 19/19 MP: 8/11
  1102 | D:2      | Identified the +7 quarterstaff of Ogengavvin {drain, +Blink
                  | rPois rF- SInv}
  1425 | D:2      | Learned a level 3 spell: Summon Ice Beast
  1433 | D:2      | Learned a level 2 spell: Blink
  1955 | D:2      | Killed from afar by an orc wizard

Illustrated notes

Levels and vault maps discovered:
D:1:      doesnt_arrival_eight_statues, layout_rooms,
          ebering_ecumenical_altar_webs
D:2:      layout_loops_ring
D:3:      layout_loops_ring, lemuel_zombie_altar_yredelemnul

Skill      XL: |  1  2 |
---------------+-------+-----
Conjurations   | 2 |  2.5
Spellcasting   | 5 |  5.3
Dodging        | |  2.4
Stealth        | |  2.4
Summonings     | |  1.8
Translocations | |  1.2

Action                     || total
---------------------------++-------
  Melee: Dagger            ||    13
         Quarterstaff      ||     3
   Cast: Magic Dart        ||   100
 Armour: Robe              ||    20
  Dodge: Dodged            ||    29

Table legend: (Time is in decaauts)
 A = Elapsed time spent in this place.
 B = Non-inter-level travel time spent in this place.
 C = Inter-level travel time spent in this place.
 D = Time resting spent in this place.
 E = Time spent auto-exploring this place.
 F = Levels seen in this place.
 G = Mean time per level.
                   A        B        C        D        E       F      G
               +--------+--------+--------+--------+--------+-----+--------+
         Total |   1956 |   1910 |     46 |      0 |   1675 |   3 |  652.0 |
       Dungeon |   1956 |   1910 |     46 |      0 |   1675 |   3 |  652.0 |
               +--------+--------+--------+--------+--------+-----+--------+

Top non-repeatable levels by time:
     D:2: 1030 daAuts
     D:1: 911 daAuts
     D:3: 14 daAuts
